 Dungeon Crawl Stone Soup version 0.20-a0-1018-ge435b50 (webtiles) character file.

101 Angani the Cudgeler (level 4, -3/35 HPs)
             Began as a Gnoll Skald on Apr 17, 2017.
             Slain by a gnoll
             ... wielding a +0 flail
              (8 damage)
             ... on level 2 of the Dungeon.
             The game lasted 00:05:41 (3295 turns).

Angani the Cudgeler (Gnoll Skald)                   Turns: 3295, Time: 00:05:42

Health: -3/35      AC:  5    Str: 10    XL:     4   Next: 75%
Magic:  6/10       EV: 12    Int: 14    God:
Gold:   127        SH:  3    Dex: 15    Spells: 1/12 levels left

rFire    . . .     SeeInvis .   a - +0 mace
rCold    . . .     Gourm    .   j - +0 buckler
rNeg     . . .     Faith    .   l - +1 leather armour
rPois    .         Spirit   .   (no helmet)
rElec    .         Reflect  .   (no cloak)
rCorr    .         Harm     .   c - +0 pair of gloves
MR       .....                  (no boots)
Stlth    +.........             (no amulet)
Regen    0.2/turn               p - +2 ring of dexterity
MPRegen  0.2/turn               (no ring)

@: singing, very slightly contaminated
A: short attention span, fangs 1, strong nose
a: no special abilities


You were on level 2 of the Dungeon.
You were not hungry.

You visited 1 branch of the dungeon, and saw 3 of its levels.

You collected 127 gold pieces.

Inventory:

Hand Weapons
 a - a +0 mace (weapon)
 b - a +0 hunting sling
Missiles
 m - 101 stones (quivered)
Armour
 c - a +0 pair of gloves (worn)
 j - a +0 buckler (worn)
 l - a +1 leather armour (worn)
Jewellery
 p - a +2 ring of dexterity (left hand)
Scrolls
 e - a scroll of blinking
 h - a scroll of amnesia {unknown}
 k - a scroll of magic mapping
 o - 2 scrolls of teleportation {unknown}
Potions
 i - a potion of agility
Comestibles
 d - 3 bread rations
 g - 4 fruits


   Skills:
 - Level 3.0 Fighting
 - Level 5.1 Maces & Flails
 - Level 3.5 Armour
 - Level 3.0 Dodging
 + Level 0.0 Shields
 - Level 4.6 Spellcasting
 - Level 4.4 Charms


You had one spell level left.
You knew the following spells:

 Your Spells              Type           Power        Failure   Level  Hunger
a - Infusion              Chrm           ###.         8%          1    None
b - Song of Slaying       Chrm           ###.....     12%         2    ##.....
c - Shroud of Golubria    Chrm/Tloc      #.........   28%         2    ##.....
d - Regeneration          Chrm/Necr      #.........   58%         3    ###....
e - Spectral Weapon       Hex/Chrm       #.......     58%         3    ###....


Dungeon Overview and Level Annotations

Branches:
Dungeon (3/15)

Altars:


Innate Abilities, Weirdness & Mutations

You have a short attention span.
You have very sharp teeth.
Your uncanny sense of smell can sniff out nearby items.


Message History

You hit the gnoll but do no damage.
The gnoll is severely wounded.
You block the gnoll's attack.
The gnoll hits you from afar with a halberd!
* * * LOW HITPOINT WARNING * * *
There is a stone staircase leading up here.
You block the gnoll's attack. The gnoll misses you.
You climb upwards.
There is a stone staircase leading down here.
Unknown command.
You closely miss the gnoll.
The gnoll is severely wounded.
The gnoll hits you but does no damage.
You hit the gnoll.
The gnoll is severely wounded.
The gnoll barely misses you.
You hit the gnoll.
The gnoll is almost dead.
The gnoll hits you with a flail!
You die...

..)....#
###########
.......#
#.........#
.......#
#.#######.#
....(.)#
#.#######.#
.......# ########
#.#...=.#.#
.......# #......#
#.#.#...#.#
.......# #......#
#.#.###.#.#
.......#####......#
#.#.......#
)).........'....@.#
#.#####.###
......)#####...g..#
#.#...#.#
.......#####......#
#.#.#.#.####
.......#..........#
#.#.#.#.#...
.#######..........#
#.#.#.#.#.## .#
#.....###'##
#.#.#.#.#.# .#
#.....# #.#
#.#.#.#.#.# .#
#.....# #.#
#.#.#.#.#.# .#
#.....# #.#
#.#.#.#.#.#


You could see a gnoll.

Vanquished Creatures
  3 adders (D:2)
  An ooze (D:2)
  3 worms
  2 dart slugs (D:2)
  3 leopard geckos (D:2)
  An orc (D:2)
  3 bats
  3 giant cockroaches
  4 hobgoblins
  6 jackals (D:1)
  4 kobolds
  4 frilled lizards (D:2)
  8 goblins
  9 rats
54 creatures vanquished.

Notes
Turn   | Place    | Note
-------+----------+-------------------------------------------
     0 | D:1      | Angani the Gnoll Skald began the quest for the Orb.
     0 | D:1      | Reached XP level 1. HP: 18/18 MP: 4/4
   354 | D:1      | Reached skill level 4 in Maces & Flails
   354 | D:1      | Reached XP level 2. HP: 24/24 MP: 6/6
   877 | D:1      | Reached skill level 5 in Maces & Flails
   877 | D:1      | Reached XP level 3. HP: 29/29 MP: 7/7
  1017 | D:1      | Learned a level 2 spell: Song of Slaying
  1020 | D:1      | Learned a level 2 spell: Shroud of Golubria
  1024 | D:1      | Learned a level 3 spell: Regeneration
  1935 | D:2      | Reached XP level 4. HP: 26/35 MP: 8/10
  1956 | D:2      | Learned a level 3 spell: Spectral Weapon
  3295 | D:2      | Slain by a gnoll

Vault maps used:
D:1:      evilmike_arrival_run_for_it
D:3:      kennysheep_big_flooded_room

Skill      XL: |  1  2  3  4 |
---------------+-------------+-----
Maces & Flails | 4 5 |  5.1
Spellcasting   | 4 |  4.6
Armour         | 3 |  3.5
Fighting       | |  3.0
Dodging        | |  3.0
Charms         | |  4.4

Action                   |  1- 3 |  4- 6 || total
-------------------------+-------+-------++-------
Melee: Mace              |   110 |    79 ||   189
       Bite              |    10 |     7 ||    17
 Cast: Infusion          |     1 |       ||     1
       Shroud of Golubri |       |     1 ||     1
       Song of Slaying   |       |     1 ||     1
  Use: Scroll            |       |     7 ||     7
 Stab: Sleeping          |     1 |     1 ||     2
  Eat: Chunk             |     3 |     5 ||     8
Armor: Leather armour    |    32 |    14 ||    46
Dodge: Dodged            |    80 |    53 ||   133
Block: Buckler           |       |     2 ||     2
